AoeStats
← Theluckyman7467

Arabia

506518869Analyzed
3v3 RM · 18d ago on Sep 13, 2026· 62m 39s· 6 players
Game mode
Random Map
Map size
Normal (6 player)
Population
200
Speed
Normal
Resources
Standard
Victory
Conquest
Starting age
Dark Age
Ending age
Imperial Age
RankedLock teamsTeams togetherTeam positionsShared explorationLock speedFull tech treeHidden civsTurbo modeCheats
Victory
Defeat
🇰🇿 Italians · Kazakhstan
1111
+13
🇲🇽 Turks · Mexico
1101
+13
🇫🇷 Huns · France
1101
+13
🇺🇾 Shu · Uruguay
1075
-15
🇺🇾 Persians · Uruguay
1073
-14
🇦🇷 Maya · Argentina
956
-10
Dallo
5:06 Loom
12:23 Feudal Age
19:39 Castle Age
17:35 Double-Bit Axe
17:32 Horse Collar
19:20 Scale Barding Armor
19:26 Forging
19:29 Bloodlines
20:25 Husbandry
20:51 Light Cavalry
23:25 Wheelbarrow
23:10 Town Watch
26:21 Chain Barding Armor
29:38 Hand Cart
35:37 Imperial Age
37:24 Cavalier
38:42 Conscription
38:25 Elite Skirmisher
39:54 Gold Mining
41:15 Ballistics
42:52 Gold Shaft Mining
42:41 Paladin
44:07 Bow Saw
47:20 Iron Casting
50:09 Town Patrol
51:50 Blast Furnace
53:03 Plate Barding Armor
54:19 Thumb Ring
56:42 Two-Man Saw
57:37 Atheism
57:28 Elite Tarkan
59:13 Chemistry
58:23 Masonry
58:07 Fletching
58:17 Padded Archer Armor
58:47 Parthian Tactics
57:43 Heavy Cavalry Archer
60:50 Marauders
61:15 Fervor
61:25 Sanctity
60:39 Hussar
61:57 Sappers
62:29 Bodkin Arrow
62:49 Leather Archer Armor
Alasdair
10:01 Feudal Age
8:32 Loom
10:33 Horse Collar
15:04 Wheelbarrow
25:27 Castle Age
23:19 Double-Bit Axe
23:33 Fletching
26:01 Padded Archer Armor
25:30 Elite Skirmisher
27:00 Leather Archer Armor
26:59 Town Watch
27:30 Bow Saw
30:08 Hand Cart
30:24 Bodkin Arrow
36:39 Imperial Age
38:32 Bracer
39:41 Two-Man Saw
39:43 Conscription
44:54 Ring Archer Armor
45:25 Ballistics
46:06 Chemistry
45:26 Bloodlines
45:17 Husbandry
44:45 Crossbowman
45:14 Cavalier
47:15 Scale Barding Armor
48:04 Forging
50:05 Chain Barding Armor
52:48 Plate Barding Armor
54:51 Heavy Plow
56:43 Town Patrol
60:03 Iron Casting
61:25 Crop Rotation
63:24 Blast Furnace
62:24 Scale Mail Armor
Barbeituss
6:36 Loom
9:09 Feudal Age
9:49 Double-Bit Axe
21:59 Castle Age
21:00 Gold Mining
20:53 Horse Collar
24:45 Bow Saw
25:22 Wheelbarrow
24:57 Fletching
25:43 Bodkin Arrow
29:18 Town Watch
30:55 Bloodlines
30:57 Padded Archer Armor
33:35 Scale Barding Armor
35:43 Chain Barding Armor
35:39 Leather Archer Armor
44:06 Imperial Age
42:18 Hand Cart
43:15 Gold Shaft Mining
48:10 Plate Barding Armor
50:08 Forging
55:10 Ring Archer Armor
55:48 Parthian Tactics
55:55 Heavy Plow
56:32 Thumb Ring
58:06 Ballistics
58:09 Bracer
60:08 Heavy Cavalry Archer
62:25 Husbandry
Jelonz
6:14 Loom
9:52 Feudal Age
10:20 Double-Bit Axe
24:20 Castle Age
23:17 Horse Collar
24:43 Scale Barding Armor
26:16 Chain Barding Armor
27:38 Husbandry
27:48 Bloodlines
28:30 Bloodlines
31:10 Wheelbarrow
31:42 Bow Saw
43:36 Town Watch
44:06 Hand Cart
44:15 Forging
43:50 Light Cavalry
Theluckyman7467
9:46 Feudal Age
10:24 Double-Bit Axe
12:50 Town Watch
12:52 Loom
15:35 Fletching
19:03 Town Watch
23:31 Castle Age
22:06 Padded Archer Armor
22:46 Horse Collar
24:05 Elite Skirmisher
26:04 Bow Saw
25:54 Gold Mining
27:02 Crossbowman
29:15 Leather Archer Armor
31:43 Heavy Plow
31:34 Pikeman
34:49 Wheelbarrow
34:40 Stone Mining
36:23 Thumb Ring
38:05 Eagle Warrior
39:06 Hand Cart
39:28 Squires
40:15 Bodkin Arrow
41:39 Town Patrol
43:09 Scale Mail Armor
44:17 Chain Mail Armor
44:47 Forging
47:40 Iron Casting
50:03 Imperial Age
51:25 Conscription
51:31 Halberdier
52:19 Halberdier
53:32 Conscription
60:07 Arbalester
61:58 Two-Man Saw
63:37 Blast Furnace
Maximo7z
7:31 Loom
9:57 Feudal Age
14:44 Castle Age
12:35 Double-Bit Axe
12:32 Horse Collar
16:55 Fletching
17:56 Bow Saw
21:45 Crossbowman
22:29 Padded Archer Armor
24:17 Wheelbarrow
25:16 Town Watch
26:44 Thumb Ring
27:45 Hand Cart
30:09 Ballistics
29:45 Bodkin Arrow
30:07 Leather Archer Armor
36:43 Imperial Age
34:14 Town Patrol
36:32 Pikeman
37:13 Scale Mail Armor
37:24 Forging
36:47 Arbalester
37:59 Ring Archer Armor
37:30 Bracer
38:04 Ring Archer Armor
37:45 Forging
37:35 Scale Mail Armor
38:43 Chemistry
37:51 Bolt Magazine
41:10 Halberdier
41:51 Squires
42:08 Chain Mail Armor
47:48 Plate Mail Armor
47:17 Stone Mining
47:17 Gold Mining
49:04 Coiled Serpent Array
49:26 Conscription
52:57 Scale Barding Armor
52:52 Murder Holes
53:06 Siege Engineers
55:58 Husbandry
55:32 Light Cavalry
57:34 Heavy Plow
Connection lost

Rejoining the realm…

Still unreachable

The connection could not be restored.

Session expired

The server has moved on; the page needs a fresh start.